 Dungeon Crawl Stone Soup version 0.18-a0-1040-g4865665 (console) character file.

122 FIQ the Chiller (level 4, 0/30 HPs)
             Began as a Demonspawn Ice Elementalist on Jan 10, 2016.
             Slain by a hobgoblin
             ... wielding a +0 club
             ... led by Robin
              (3 damage)
             ... on level 2 of the Dungeon.
             The game lasted 00:06:22 (2081 turns).

FIQ the Chiller (Demonspawn Ice Elementalist)       Turns: 2081, Time: 00:06:22

Health: 0/30       AC:  2    Str:  9    XL:     4   Next: 78%
Magic:  0/7        EV: 12    Int: 17    God:
Gold:   44         SH:  0    Dex: 13    Spells: 1 memorised, 6 levels left

rFire  . . .     SeeInvis .     (no weapon)
rCold  . . .     Gourm    .     a - +0 robe
rNeg   . . .     Faith    .     (no shield)
rPois  .         Spirit   .     (helmet restricted)
rElec  .         Dismiss  .     (no cloak)
rCorr  .         Reflect  .     (no gloves)
SustAt .         Harm     .     (no boots)
MR     .....                    (no amulet)
Stlth  ++........               (no ring)
                                (no ring)

@: not resistant to hostile enchantments, unstealthy
A: antennae 1, rot immunity
a: no special abilities


You were on level 2 of the Dungeon.
You were not hungry.

You visited 1 branch of the dungeon, and saw 2 of its levels.

You collected 44 gold pieces.

Inventory:

Armour
 a - a +0 robe (worn)
Scrolls
 g - a scroll of remove curse
 i - 2 scrolls of identify
 j - a scroll of noise
Books
 b - a book of Frost

   Spells                             Type                      Level
   a - Freeze                         Ice                          1
   b - Throw Frost                    Conjuration/Ice              2
   c - Ozocubu's Armour               Charms/Ice                   3
   d - Throw Icicle                   Conjuration/Ice              4
   e - Summon Ice Beast               Ice/Summoning                4
   f - Condensation Shield            Ice                          4
Comestibles
 c - a bread ration
 d - a slice of pizza
 f - a beef jerky
 k - a chunk of flesh


   Skills:
 - Level 1.7 Dodging
 - Level 1.7 Stealth
 - Level 2.0 Spellcasting
   Level 1.0 Conjurations
 + Level 5.1 Ice Magic


You had 6 spell levels left.
You knew the following spells:

 Your Spells              Type           Power        Failure   Level  Hunger
a - Freeze                Ice            ###.         2%          1    #......


Dungeon Overview and Level Annotations

Branches:
Dungeon (2/15)

Altars:


Innate Abilities, Weirdness & Mutations

You have a pair of small antennae on your head.
You are immune to rotting.


Message History

The goblin is severely wounded.
The goblin barely misses you.
You hit the goblin but do no damage.
The goblin is heavily wounded.
The hobgoblin hits you with a club.
* * * LOW HITPOINT WARNING * * *
The goblin completely misses you.
You hit the goblin.
You kill the goblin!
The hobgoblin hits you but does no damage.
You see here a club.
Casting: Freeze
Confirm with . or Enter, or press ? or * to list all spells.
Aiming: Freeze
Press: ? - help, Shift-Dir - straight line, f - hobgoblin
Aim: a hobgoblin, wielding a club You freeze the hobgoblin.
The hobgoblin is severely wounded.
The hobgoblin hits you with a club.
You die...

####≈≈....... #..#≈.....#
########..#......#
####....(.#...).....######
).........'..............##
###.......#########.####..#
##.......######......##..
##...........+..........
.....######.######......##..
......# #.# #......##..
.......## #@# #......##..
........# #g# ###.#####..
........# #)# #........
⌠......S###g# ########.
........'.#g# #....
........†.g.# #....
⌠.....g.###.# #....
.g......# #.# ##########....
g.......# ..# #.............
.......## ### #.............
......# #.............


You could see 4 hobgoblins.

Vanquished Creatures
  Ijyb (D:2)
  Terence (D:2)
  Robin (D:2)
  An adder (D:2)
  An ooze (D:1)
  4 giant geckos
  6 bats
  8 hobgoblins
  3 jackals (D:2)
  5 giant newts
  5 goblins
  7 kobolds
  4 rats
47 creatures vanquished.

Notes
Turn   | Place    | Note
--------------------------------------------------------------
     0 | D:1      | FIQ the Demonspawn Ice Elementalist began the quest for the Orb.
     0 | D:1      | Reached XP level 1. HP: 13/13 MP: 3/3
   132 | D:1      | Reached skill level 3 in Ice Magic
   475 | D:1      | Gained mutation: You are immune to rotting. [demonic ancestry]
   475 | D:1      | Reached XP level 2. HP: 13/19 MP: 0/5
  1326 | D:1      | Reached XP level 3. HP: 18/24 MP: 3/6
  1709 | D:2      | Reached skill level 4 in Ice Magic
  1884 | D:2      | Noticed Terence
  1894 | D:2      | Killed Terence
  1894 | D:2      | Gained mutation: You have a pair of small antennae on your head. [demonic ancestry]
  1894 | D:2      | Reached XP level 4. HP: 27/30 MP: 0/7
  1986 | D:2      | Noticed Ijyb
  2041 | D:2      | Noticed Robin
  2043 | D:2      | Killed Ijyb
  2071 | D:2      | Killed Robin
  2071 | D:2      | Reached skill level 5 in Ice Magic
  2081 | D:2      | Slain by a hobgoblin

Vault maps used:
D:1:      lightli_arrival_isolated_outpost
D:2:      kennysheep_big_flooded_room, moated_statue, uniq_robin, uniq_iyjb,
          uniq_terence

Action                   |  1- 3 |  4- 6 || total
-------------------------+-------+-------++-------
Melee: Unarmed           |     9 |    21 ||    30
 Cast: Freeze            |    60 |    17 ||    77
  Use: Potion            |       |     3 ||     3
       Scroll            |       |     2 ||     2
  Eat: Chunk             |     4 |     1 ||     5
